 Dungeon Crawl Stone Soup version 0.31.0-32-g396128a36d (webtiles) character file.

Game seed: 16029267275598052033

678956 Pollywompus the Skinwalker (level 27, -10/267 (296) HPs)
             Began as a Demonspawn Berserker on Mar 23, 2024.
             Was a High Priest of Vehumet.
             Killed from afar by a twister (17 damage)
             ... with a vortex
             ... summoned by a Zot trap
             ... on level 1 of the Iron City of Dis on Mar 24, 2024.
             The game lasted 06:48:18 (72212 turns).

Pollywompus the Skinwalker (Demonspawn Berserker)  Turns: 72212, Time: 06:48:18

HP:   -10/267 (296) AC: 32    Str: 20      XL:     27
MP:   38/38         EV: 21    Int: 21 (22) God:    Vehumet [*****.]
Gold: 9375          SH: 10    Dex: 12 (13) Spells: 4/48 levels left

rFire   + . .        J - +9 broad axe (spect)
rCold   . . .        l - +3 warlock's mirror {omnireflect}
rNeg    + + +        L - melded +8 gold dragon scales
rPois   ∞            (helmet unavailable)
rElec   +            j - +2 cloak {rCorr}
rCorr   +            q - melded +2 pair of gloves {Str+3}
SInv    +            W - melded +2 pair of boots {Stlth+}
Will    +++++        A - amulet of the Four Winds {rN+ Will+++ Clar}
Stlth   +++          N - ring "Metac" {+Blink rF+ rN+ rCorr Stlth-}
HPRegen 0.64/turn    R - ring "Assenihu" {Wiz rElec Int+3 SInv Stlth+}
MPRegen 0.26/turn

%: repel missiles, reflection, clarity, wizardry (x1)
@: statue-form, flying (expiring), studying 4 skills, drained, corroded, very
slow
A: slow and powerful, torment resistance 1, boosted hp, horns 3, repulsion field
3, demonic guardian 3, hurl damnation, powered by death 3, torment resistance 1,
demonic willpower, deterioration 1, strong-willed 1
}: 5/15 runes: serpentine, barnacled, slimy, silver, golden
a: Hurl Damnation, Begin Untransformation, Renounce Religion, Evoke Blink


You were on level 1 of the Iron City of Dis.
You worshipped Vehumet.
Vehumet was extremely pleased with you.
You were a living statue of rough stone.
You visited 13 branches of the dungeon, and saw 55 of its levels.
You also visited: Trove, Gauntlet and Ice Cave.

You collected 11967 gold pieces.
You spent 2592 gold pieces at shops.

Inventory:

Hand Weapons
 m - a +2 heavy hand cannon
 J - a +9 spectral broad axe (weapon)
 Z - a +9 vampiric broad axe
Missiles
 G - 3 throwing nets (quivered) {GONE AFK}
Armour
 j - a +2 cloak of preservation (worn)
 l - the +3 warlock's mirror (worn) {omnireflect}
   (You acquired it on level 2 of the Orcish Mines)

   Omnireflect: It can block and reflect piercing ranged attacks and magical
   attacks against the wielder's willpower.
 q - a +2 pair of gloves of strength (melded)
 L - +8 gold dragon scales (melded)
 W - a +2 pair of boots of stealth (melded)
Jewellery
 c - the ring "Jaazorch" {rC+ rN+ MP+9 Int+5 Dex-4}
   (You found it in an ice cave)

   [ring of magical power]

   Int+5:     It affects your intelligence (+5).
   Dex-4:     It affects your dexterity (-4).
   rC+:       It protects you from cold.
   rN+:       It protects you from negative energy.
   MP+9:      It affects your magic capacity (+9).
 i - the ring "Asezinum" {^Drain rElec rC++ rN+ Slay+3}
   (You found it on level 3 of the Crypt)

   [ring of positive energy]

   Slay+3:    It affects your accuracy & damage with ranged weapons and melee
   (+3).
   rC++:      It greatly protects you from cold.
   rElec:     It insulates you from electricity.
   rN+:       It protects you from negative energy.
   ^Drain:    It drains your maximum health when unequipped.
 o - a +4 ring of slaying
 A - the amulet of the Four Winds (around neck) {rN+ Will+++ Clar}
   (You found it in a Gauntlet)

   [amulet of nothing]

   rN+:       It protects you from negative energy.
   Will+++:   It greatly increases your willpower.
   Clar:      It protects you from confusion, rage, mesmerisation and fear.
 I - the ring of Shadows {Umbra +Inv Stlth+}
   (You found it in a Gauntlet)

   [ring of stealth]

   Umbra:     It surrounds you with an aura of shadow, increasing your stealth
   and reducing the accuracy of all others within it.
   +Inv:      It lets you turn invisible.
   Stlth+:    It makes you more stealthy.
 N - the ring "Metac" (left fist) {+Blink rF+ rN+ rCorr Stlth-}
   (You found it on level 3 of the Crypt)

   [ring of positive energy]

   rF+:       It protects you from fire.
   rN+:       It protects you from negative energy.
   +Blink:    It lets you blink.
   rCorr:     It protects you from acid and corrosion.
   Stlth-:    It makes you less stealthy.
 Q - the ring of Lelaneuwn {rElec rF- rC+++ EV+5 Stlth-}
   (You took it off a deep elf demonologist on level 3 of the Elven Halls)

   [ring of evasion]

   EV+5:      It affects your evasion (+5).
   rF-:       It makes you vulnerable to fire.
   rC+++:     It renders you almost immune to cold.
   rElec:     It insulates you from electricity.
   Stlth-:    It makes you less stealthy.
 R - the ring "Assenihu" (right fist) {Wiz rElec Int+3 SInv Stlth+}
   (You found it on level 3 of the Crypt)

   [ring of wizardry]

   Wiz:       It improves your spell success rate.
   Int+3:     It affects your intelligence (+3).
   rElec:     It insulates you from electricity.
   SInv:      It lets you see invisible.
   Stlth+:    It makes you more stealthy.
 V - a ring of flight
Talismans
 k - a granite talisman (active)
 t - a talisman of death
Wands
 f - a wand of mindburst (6)
 g - a wand of quicksilver (25)
 y - a wand of iceblast (54)
 z - a wand of digging (49)
Scrolls
 d - 4 scrolls of fear
 e - 2 scrolls of blinking
 r - 2 scrolls of torment
 u - a scroll of amnesia
 w - 10 scrolls of teleportation
 x - a scroll of acquirement
 C - 7 scrolls of immolation
 D - 4 scrolls of silence
 F - a scroll of fog
 O - 5 scrolls of vulnerability
 P - 5 scrolls of revelation
 U - a scroll of enchant weapon
Potions
 a - 12 potions of heal wounds
 b - 13 potions of ambrosia
 h - 5 potions of cancellation
 n - 5 potions of might
 B - 2 potions of brilliance
 E - a potion of magic
 M - 3 potions of resistance
 S - 12 potions of curing
Miscellaneous
 p - a figurine of a ziggurat
 s - a condenser vane
 H - a phantom mirror
 K - a lightning rod (4/4)
 Y - a phial of floods


   Skills:
 + Level 21.3 Fighting
 - Level 0.8(1.0) Short Blades
 - Level 0.6(1.0) Long Blades
 - Level 18.7 Axes
 - Level 0.6 Staves
 - Level 0.6 Ranged Weapons
 + Level 17.8 Armour
 + Level 13.7 Dodging
 - Level 6.8 Stealth
 + Level 14.0 Shields
 * Level 11.1 Spellcasting
 * Level 9.3 Conjurations
 * Level 10.2 Fire Magic
 * Level 4.0 Air Magic
 + Level 2.3 Invocations
 - Level 8.3 Evocations
 + Level 23.5 Shapeshifting


You had 4 spell levels left.
You knew the following spells:

 Your Spells              Type           Power      Damage    Failure   Level
a - Fire Storm            Conj/Fire      25%        8d7       99%         9
b - Polar Vortex          Ice            5%         N/A       99%         9
c - Apportation           Tloc           22%        N/A       2%          1
d - Swiftness             Air            28%        N/A       1%          3
e - Manifold Assault      Tloc           11%        N/A       26%         4
f - Fireball              Conj/Fire      25%        3d11      1%          5
g - Blink                 Tloc           22%        N/A       4%          2
h - Silence               Hex/Air        10%        N/A       30%         5
i - Plasma Beam           Fire/Air       20%        2x1d32    6%          6

Your spell library contained the following spells:

 Spells                   Type           Power      Damage    Failure   Level
 Lehudib's Crystal Spear  Conj/Erth      15%        10d5      98%         8
 Foxfire                  Conj/Fire      100%       2x1d9     1%          1
 Shock                    Conj/Air       100%       1d9       1%          1
 Sting                    Conj/Alch      100%       1d9       1%          1
 Mercury Vapours          Alch/Air       40%        N/A       1%          2
 Momentum Strike          Conj/Tloc      62%        3d9       1%          2
 Scorch                   Fire           100%       2d9       1%          2
 Static Discharge         Conj/Air       78%        3-7/arc   1%          2
 Dazzling Flash           Conj/Hex       62%        N/A       1%          3
 Hailstorm                Conj/Ice       31%        3d8       1%          3
 Inner Flame              Hex/Fire       33%        N/A       1%          3
 Mephitic Cloud           Conj/Alch/Air  30%        N/A       1%          3
 Volatile Blastmotes      Fire/Tloc      66%        2d15      1%          3
 Airstrike                Air            14%        2d(2-18)  1%          4
 Brom's Barrelling Bould  Conj/Erth      31%        2d5       1%          4
 Flame Wave               Conj/Fire      51%        2d13      1%          4
 Fulminant Prism          Conj/Alch      15%        3d11      1%          4
 Ignite Poison            Fire/Alch      33%        N/A       1%          4
 Iskenderun's Mystic Bla  Conj/Tloc      31%        2d8       1%          4
 Necrotise                Necr           44%        1d6       2%          1
 Slow                     Hex            44%        N/A       2%          1
 Summon Small Mammal      Summ           44%        N/A       2%          1
 Cigotuvi's Dreadful Rot  Necr/Alch/Air  34%        N/A       2%          2
 Summon Blazeheart Golem  Fire/Summ      33%        N/A       3%          4
 Ensorcelled Hibernation  Hex/Ice        22%        N/A       4%          2
 Jinxbite                 Hex            22%        N/A       4%          2
 Lesser Beckoning         Tloc           22%        N/A       4%          2
 Call Canine Familiar     Summ           11%        N/A       8%          3
 Confusing Touch          Hex            11%        N/A       8%          3
 Gell's Gravitas          Tloc           11%        N/A       8%          3
 Sigil of Binding         Hex            11%        N/A       8%          3
 Summon Ice Beast         Ice/Summ       11%        N/A       8%          3
 Teleport Other           Tloc           11%        N/A       8%          3
 Tukima's Dance           Hex            11%        N/A       8%          3
 Vampiric Draining        Necr           11%        2d6       8%          3
 Summon Lightning Spire   Summ/Air       20%        N/A       12%         4
 Vhi's Electric Charge    Tloc/Air       40%        N/A       12%         4
 Anguish                  Hex/Necr       5%         N/A       26%         4
 Animate Armour           Summ/Erth      22%        N/A       26%         4
 Animate Dead             Necr           11%        N/A       26%         4
 Cause Fear               Hex            5%         N/A       26%         4
 Dimensional Bullseye     Hex/Tloc       5%         N/A       26%         4
 Dispel Undead            Necr           11%        3d9       26%         4
 Leda's Liquefaction      Alch/Erth      5%         N/A       26%         4
 Passage of Golubria      Tloc           11%        N/A       26%         4
 Arcjolt                  Conj/Air       19%        1d29      1%          5
 Iskenderun's Battlesphe  Conj           50%        2d10      1%          5
 Starburst                Conj/Fire      25%        6d8       2%          6
 Freezing Cloud           Conj/Ice/Air   15%        6-21      3%          5
 Conjure Ball Lightning   Conj/Air       19%        3x3d6     7%          6
 Orb of Destruction       Conj           25%        9d9       12%         7
 Bombard                  Conj/Erth      15%        9d3       14%         6
 Lee's Rapid Deconstruct  Erth           5%         3d6*      17%         5
 Yara's Violent Unravell  Hex/Alch       5%         3d4       17%         5
 Ignition                 Fire           26%        3d9       47%         8
 Spellforged Servitor     Conj/Summ      15%        N/A       52%         7
 Alistair's Intoxication  Alch           7%         N/A       54%         5
 Borgnjor's Vile Clutch   Necr/Erth      5%         N/A       54%         5
 Summon Forest            Summ/Tloc      5%         N/A       54%         5
 Summon Mana Viper        Hex/Summ       11%        N/A       54%         5
 Eringya's Noxious Bog    Alch           5%         4d6       58%         6
 Ozocubu's Refrigeration  Ice            5%         4d8       97%         7
 Death Channel            Necr           5%         N/A       98%         6
 Dispersal                Tloc           5%         N/A       98%         6
 Sculpt Simulacrum        Ice/Alch       5%         N/A       98%         6
 Summon Cactus Giant      Summ           5%         N/A       98%         6
 Maxwell's Capacitive Co  Air            14%        ∞         99%         8
 Enfeeble                 Hex            5%         N/A       100%        7
 Haunt                    Necr/Summ      5%         N/A       100%        7
 Malign Gateway           Summ/Tloc      5%         N/A       100%        7
 Borgnjor's Revivificati  Necr           5%         N/A       100%        8
 Discord                  Hex            5%         N/A       100%        8
 Disjunction              Tloc           5%         N/A       100%        8
 Infestation              Necr           5%         N/A       100%        8
 Summon Horrible Things   Summ           5%         N/A       100%        8
 Death's Door             Necr           5%         N/A       100%        9
 Dragon's Call            Summ           5%         N/A       100%        9


Dungeon Overview and Level Annotations

Branches:
Dungeon (15/15)            Temple (0/1) D:5            Lair (5/5) D:11
 Shoals (4/4) Lair:3        Snake (4/4) Lair:3        Slime (5/5) Lair:4
    Orc (2/2) D:10            Elf (3/3) Orc:2        Vaults (5/5) D:13
  Crypt (3/3) Vaults:3       Tomb (3/3) Crypt:3      Depths (4/4) D:15
   Hell (visited)             Dis (1/7) Hell            Geh (0/7) Hell
    Coc (0/7) Hell            Tar (0/7) Hell            Zot (0/5) Depths:4
  IceCv (visited)         Gauntlet (visited)

Altars:
Ashenzari
Fedhas
Gozag
Hepliaklqana
Makhleb
Qazlal
Ru
Sif Muna
Trog
Vehumet
Wu Jian
Yredelemnul
Jiyva

Shops:
D:4 [   D:14 (([(?   D:15 :   Orc:2 !(*=?   Elf:3 *   Snake:4 !   Vaults:1 *!
Depths:3 *

Portals:
Hell: Depths:1 Depths:2 Depths:3 Depths:4
Abyss: Depths:2 Depths:3
Pandemonium: Depths:2
Ziggurat: Depths:2


Innate Abilities, Weirdness & Mutations

You are a living statue of rough stone.
Your actions are slow, but your melee attacks are powerful.
You are resistant to unholy torment.
Your maximum health is greatly increased.
Your equipment is partially melded.
You are immune to poison.
You have a pair of large horns on your head.
You are surrounded by a strong repulsion field. (EV +4, RMsl)
A powerful demonic guardian rushes to your aid.
You can hurl damnation.
You regenerate a lot of health from kills.
You are resistant to unholy torment.
You punish those that try to bend your will. (Will+)
Your body sometimes deteriorates upon taking damage.
You are strong-willed. (Will+)


Message History

A hellion comes into view.
The tormentor roars!
Unknown command.
Unknown command.
A Hell Sentinel comes into view.
The Hell Sentinel roars!
Found a stone staircase leading down.
You are engulfed in whirling frost.
The tormentor calls on the powers of darkness!
Your body is wracked with pain!
You hit the twister.
The twister is lightly damaged.
Your +9 spectral broad axe hits the twister!!!
You are engulfed in whirling frost.
Your spectral weapon shares its damage with you! x2
* * * LOW HITPOINT WARNING * * *
A demonic guardian appears!
Your spectral weapon shares its damage with you!
Your +9 spectral broad axe disappears.
* * * LOW HITPOINT WARNING * * *
x3 Unknown command.
Blink to where?
Press: ? - help, Dir - move target
As you read the scroll of blinking, it crumbles to dust.
You are engulfed in whirling frost.
The war gargoyle is destroyed!
* * * LOW HITPOINT WARNING * * *
Blink to where?
Press: ? - help, Dir - move target
As you read the scroll of blinking, it crumbles to dust.
You float gracefully downwards.
The freezing vortex lifts you up.
You fly up into the air.
* * * LOW HITPOINT WARNING * * *
There is a gateway leading out of Dis here.
You are engulfed in whirling frost.
* * * LOW HITPOINT WARNING * * *
You stop ascending the stairs.
The twister disappears in a puff of smoke!
* * * LOW HITPOINT WARNING * * *
You die...

#.§§§§#.......#
#§§§§§#.#######
#§§§§##.#......
#§§§§##§#2.....
#§§§§§§§#2.#..#
#§§§v§§§#19#...
#§§§§§§§#1.#...
#§§§§§§§#1.#..>
#§§§§8§§#..#...
#####§§§#..#...
##§######## #.^
12.... #.# ...
.## .... #####


You could see a twister (summoned, vortex), an iron golem, 3 Hell Sentinels, 2
hellions and a tormentor.

Vanquished Creatures
  Frederick (Vaults:4)
  Khufu (Crypt:1)
  2 dread liches
  Mara (Vaults:3)
  2 ancient liches
  Xtahua (Vaults:3)
  41 royal mummies
  Boris (Vaults:2)
  Vashnia (Snake:4)
  Saint Roka (Elf:2)
  Geryon (Hell)
  2 golden dragons
  A profane servitor (Crypt:3)
  Norris (Elf:2)
  2 bone dragons
  The ghost of community the Executioner, an adept HOBe of Trog (Vaults:1)
  An iron giant (Hell)
  Zenata (Vaults:4)
  A shard shrike skeleton (Crypt:1)
  A Hell Sentinel (Hell)
  Jorgrun (Snake:1)
  A tainted leviathan (Hell)
  5 tentacled monstrosities
  2 deep elf blademasters
  6 liches
  A walking earthen tome (Depths:4)
  2 eldritch tentacles
  11 sphinxes
  2 deep elf master archers (Elf:3)
  7 titans
  Polyphemus (Shoals:2)
  19 acid blobs
  7 ancient champions
  9 tengu reavers
  Aizul (Shoals:2)
  Agnes (Snake:2)
  6 shadow dragons
  9 azure jellies
  12 rockslimes
  2 nagarajas
  3 iron dragons
  3 revenants
  The ghost of Liimbo the Severer, an adept FoWn of the Shining One (Shoals:3)
  3 fire giants
  13 vault wardens
  8 frost giants
  A draconian knight (Depths:4)
  4 deep elf sorcerers
  Louise (Shoals:2)
  5 deep elf elementalists
  2 curse skulls
  10 very ugly things
  3 orc warlords
  10 ghouls
  16 ironbound preservers
  3 reapers (Hell)
  A juggernaut skeleton (Tomb:2)
  11 ironbound thunderhulks
  6 spriggan defenders
  15 formless jellyfish
  22 stone giants
  A caustic shrike skeleton (Crypt:2)
  6 quicksilver oozes
  6 putrid mouths (Hell)
  A rockslime zombie (Crypt:1)
  6 deep elf death magi
  A black draconian (Depths:4)
  13 vampire knights
  10 deep elf demonologists
  6 bennus
  A lorocyproca (Hell)
  A purple draconian (Depths:4)
  8 spark wasps
  A minotaur (Gauntlet)
  6 war gargoyles
  Azrael (Snake:2)
  5 deep elf annihilators
  3 red draconians (Depths:4)
  10 dire elephants
  A yellow draconian (Depths:4)
  An eidolon (Crypt:2)
  A green death (Hell)
  3 merfolk javelineers (Shoals:4)
  A blizzard demon (Tomb:3)
  15 ettins
  A crystal guardian (Vaults:2)
  3 iron golems (Hell)
  22 jiangshi
  5 fire dragons
  15 yaktaur captains
  A quicksilver dragon zombie (Tomb:3)
  5 deep elf high priests
  25 mummy priests
  14 merfolk impalers
  An entropy weaver (Vaults:1)
  26 vault guards
  8 great orbs of eyes
  Fannar (D:10)
  2 catoblepae
  3 salamander tyrants
  6 spriggan air magi
  10 ironbound frosthearts
  20 centaur warriors
  3 death knights
  5 hydras
  Erica (D:7)
  An ice dragon (Depths:3)
  6 peacekeepers
  6 ogre magi
  9 anacondas
  3 merfolk avatars
  A satyr (Shoals:2)
  28 dancing weapons
  7 merfolk aquamancers
  2 spriggan skeletons
  33 two-headed ogres
  3 tengu warriors
  A two-headed ogre (shapeshifter) (Depths:2)
  7 naga warriors
  5 boulder beetles
  70 death scarabs
  7 deep troll earth magi
  5 spriggan berserkers
  5 vampire magi
  2 deep troll shamans (Depths:2)
  An azure jelly zombie (Crypt:2)
  15 death yaks
  An occultist (D:15)
  4 hell hogs
  10 naga sharpshooters
  24 hell knights
  4 shock serpents
  18 deep elf knights
  7 soul eaters
  2 sun demons
  Amaemon (Lair:2)
  A crystal echidna (Hell)
  A shadow wraith (Crypt:3)
  7 iron trolls
  12 skysharks
  3 salamander mystics
  44 skeletal warriors
  41 deep trolls
  A shadow demon (Tomb:3)
  A sun moth (shapeshifter) (Vaults:5)
  An orb spider (shapeshifter) (Vaults:5)
  2 anaconda zombies (Hell)
  A glowing orange brain (Vaults:4)
  13 mana vipers
  11 flayed ghosts
  A kraken simulacrum (Hell)
  10 sea snakes
  An arcanist (Vaults:2)
  A deep troll (shapeshifter) (Vaults:5)
  26 harpies
  4 naga ritualists
  13 deep elf archers
  13 lindwurms
  23 ironbound convokers
  2 bog bodies (Crypt:2)
  6 necromancers
  3 anaconda skeletons
  A bunyip skeleton (Crypt:3)
  6 orc knights
  16 phantasmal warriors
  26 deep elf pyromancers
  5 shining eyes
  25 deep elf zephyrmancers
  An orc sorcerer (Orc:2)
  6 ugly things
  A mana viper (shapeshifter) (Vaults:5)
  A shining eye (shapeshifter) (Vaults:5)
  An alligator skeleton (Hell)
  A spectral alligator snapping turtle (Crypt:3)
  17 fauns
  18 manticores
  18 salamanders
  23 cyclopes
  7 merfolk sirens
  35 black mambas
  A water nymph (shapeshifter) (Vaults:5)
  28 vault sentinels
  A large abomination (Crypt:3)
  2 moths of wrath (Shoals:3)
  5 guardian serpents
  A kobold blastminer (Orc:2)
  A titan simulacrum (Tomb:1)
  A dire elephant zombie (Tomb:3)
  An elephant (shapeshifter) (Depths:4)
  16 elephants
  An iron dragon skeleton (Tomb:2)
  A naga zombie (Tomb:1)
  3 ice statues
  10 water nymphs
  6 naga magi
  A centaur skeleton (Tomb:2)
  A molten gargoyle (Elf:3)
  6 torpor snails (Lair:5)
  9 cane toads
  An orange demon (Lair:2)
  An unseen horror (shapeshifter) (Vaults:5)
  A naga skeleton (Tomb:2)
  5 eyes of devastation
  4 rime drakes
  An efreet (D:15)
  2 sea snake zombies (Hell)
  9 komodo dragons
  A komodo dragon (shapeshifter) (Vaults:5)
  9 yaktaurs
  An anaconda simulacrum (Hell)
  30 guardian mummies
  A kobold demonologist (D:12)
  11 freezing wraiths
  2 ice devils (Hell)
  A red draconian skeleton (Crypt:2)
  3 tengu conjurers
  33 merfolk
  A red devil (Hell)
  18 polar bears
  A queen bee (D:10)
  13 hornets
  A sea snake skeleton (Hell)
  A harpy zombie (Tomb:2)
  Prince Ribbit (D:8)
  14 trolls
  6 wind drakes
  An ettin zombie (Tomb:3)
  3 raiju
  A glass eye (Depths:3)
  20 blink frogs
  2 hydra skeletons (Hell)
  A tyrant leech (Lair:5)
  4 dream sheep
  8 snapping turtles
  120 slime creatures
  A centaur simulacrum (Gauntlet)
  2 ettin skeletons
  10 spriggans
  9 shadows
  30 water elementals
  10 air elementals
  3 fire elementals
  27 yaks
  A dire elephant simulacrum (Crypt:3)
  25 ushabtiu
  2 hogs (Lair:3)
  12 wraiths
  7 wyverns
  A human (shapeshifter) (Vaults:5)
  2 fire bats (Elf:3)
  11 wargs
  3 vampires
  8 golden eyes
  6 basilisks
  A harpy simulacrum (Crypt:3)
  7 vampire mosquitoes
  4 steam dragons
  2 swamp worms (shapeshifter)
  25 nagas
  17 water moccasins
  3 small abominations (Crypt:3)
  18 hell hounds
  An acid dragon (D:13)
  6 great orb of eyes simulacra (IceCv)
  An ice beast (D:6)
  26 orc warriors
  A sky beast (D:6)
  A demonspawn skeleton (Crypt:2)
  23 black bears
  14 laughing skulls (Crypt:3)
  21 wolves
  35 ogres
  A tengu (shapeshifter) (Depths:2)
  5 centaurs
  7 boggarts
  5 slime creature simulacra (IceCv)
  A kobold brigand (D:10)
  A vine stalker zombie (Crypt:2)
  7 bullfrogs
  A weeping skull (Crypt:3)
  9 necrophages
  3 glowing shapeshifter simulacra (IceCv)
  2 two-headed ogre simulacra (D:11)
  A cyclops zombie (Crypt:2)
  5 scorpions
  A water moccasin zombie (Crypt:1)
  2 earth elementals
  3 burial acolytes (Crypt:3)
  28 wights
  A polar bear zombie (Crypt:1)
  A hornet simulacrum (Gauntlet)
  41 killer bees
  A queen bee zombie (Crypt:2)
  A spriggan zombie (Crypt:2)
  3 howler monkeys
  A hound (D:5)
  3 jellies
  15 orc priests
  A bombardier beetle (D:6)
  Jessica (D:2)
  26 orc wizards
  Ijyb (D:5)
  14 hell rats
  A troll simulacrum (D:11)
  A statue (D:12)
  3 shapeshifter simulacra (IceCv)
  A boggart simulacrum (Gauntlet)
  48 mummies
  Robin (D:4)
  8 gnolls
  A naga simulacrum (D:11)
  7 adders
  A river rat (D:11)
  A steam dragon zombie (Crypt:2)
  A swamp drake skeleton (Crypt:1)
  3 white imps
  2 ufetubi (D:5)
  2 ribbon worms (D:2)
  A dart slug (D:4)
  84 orcs
  6 ball pythons
  4 bats
  7 endoplasms
  9 giant cockroaches
  18 goblins
  10 hobgoblins
  2 jackals (D:1)
  5 quokkas
  2 frilled lizards
  8 kobolds
  2 orc skeletons (Crypt:1)
  8 rats
  A spectral weapon (Elf:2)
2576 creatures vanquished.

Vanquished Creatures (collateral kills)
  the Royal Jelly (Slime:5)
  An ancient lich (Vaults:5)
  Sojobo (Vaults:2)
  Boris (Vaults:3)
  Nikola (Shoals:2)
  A golden dragon (Depths:2)
  Jory (Vaults:2)
  the Enchantress (D:15)
  A tentacled monstrosity (Vaults:5)
  Mlioglotl (Shoals:3)
  A deep elf blademaster (Elf:3)
  Gastronok (D:10)
  5 acid blobs
  Donald (Shoals:3)
  3 rockslimes
  A vault warden (Vaults:5)
  3 frost giants
  2 azure jellies (Slime:5)
  2 ghouls
  A balrug (Depths:1)
  6 quicksilver oozes
  A draconian annihilator (Depths:4)
  A stone giant (Vaults:5)
  2 very ugly things (Depths:3)
  A formless jellyfish (Slime:1)
  A dire elephant (Vaults:2)
  A war gargoyle (Depths:1)
  An ettin (Depths:2)
  3 merfolk impalers
  A mummy priest (Tomb:2)
  2 great orbs of eyes (Slime:5)
  2 hydras
  A fire dragon (Lair:5)
  A vault guard (Vaults:5)
  A hell beast (Depths:1)
  2 merfolk avatars (Shoals:4)
  A rakshasa (Depths:3)
  A centaur warrior (Vaults:2)
  An ogre mage (Orc:2)
  A two-headed ogre (Orc:2)
  3 tengu warriors (Depths:3)
  2 death scarabs (Tomb:3)
  A boulder beetle (Lair:2)
  2 naga warriors
  A vampire mage (Crypt:2)
  A spriggan berserker (Depths:4)
  3 naga sharpshooters (Snake:4)
  A deep elf knight (Elf:2)
  A salamander mystic (Snake:3)
  A mana viper (Snake:3)
  An arcanist (D:13)
  5 deep trolls
  A glowing orange brain (Depths:4)
  An ironbound convoker (Vaults:2)
  A deep elf zephyrmancer (Elf:2)
  A lindwurm (Snake:4)
  A deep elf pyromancer (Elf:2)
  2 fauns (Shoals:2)
  A salamander (Snake:3)
  2 cyclopes
  A guardian serpent (Snake:4)
  2 vault sentinels (Vaults:2)
  2 elephants (Lair:3)
  2 water nymphs
  A naga mage (Snake:3)
  A yaktaur (Vaults:2)
  2 freezing wraiths
  A guardian mummy (Tomb:3)
  A wind drake (Shoals:4)
  A polar bear (Lair:5)
  2 tyrant leeches (Lair:5)
  5 hornets
  6 merfolk
  4 blink frogs (Lair:1)
  2 dream sheep
  A hydra skeleton (Tomb:3)
  3 air elementals (Shoals:4)
  6 slime creatures
  A centaur simulacrum (Gauntlet)
  A spriggan (Depths:2)
  An ushabti (Tomb:3)
  7 nagas
  2 black bears
  An orc warrior (Orc:2)
  3 ogres (Orc:2)
  A wight (D:10)
  An iguana (D:4)
  A spriggan simulacrum (D:11)
  2 mummies
  A ribbon worm (D:4)
  2 orcs
  A bat (D:2)
161 creatures vanquished.

Vanquished Creatures (others)
  A dread lich (Vaults:5)
  Kirke (Lair:3)
  An iron dragon (Vaults:5)
  A vault warden (Vaults:5)
  A war gargoyle (Dis:1)
  A vault guard (Vaults:5)
  A merfolk aquamancer (Shoals:4)
  2 deep elf knights
  A deep elf pyromancer (Elf:1)
  A salamander (Snake:4)
  A black mamba (Snake:4)
  A naga mage (Snake:4)
  A fire bat (Elf:3)
  A boggart (Vaults:2)
  A wolf (Lair:5)
  A burial acolyte (Crypt:3)
  An orc (D:7)
  178 spectral weapons
  4 tentacles (Hell)
200 creatures vanquished.

Grand Total: 2937 creatures vanquished

Notes
Turn   | Place    | Note
-------+----------+-------------------------------------------
     0 | D:1      | Pollywompus the Demonspawn Berserker began the quest for
                  | the Orb.
     0 | D:1      | Reached XP level 1. HP: 18/18 MP: 1/1
   163 | D:1      | Gained mutation: You regenerate a little health from kills.
                  | [demonic ancestry]
   163 | D:1      | Reached XP level 2. HP: 24/24 MP: 2/2
   466 | D:1      | Reached ** piety under Trog
   581 | D:1      | Gained mutation: A weak demonic guardian rushes to your
                  | aid. [demonic ancestry]
   581 | D:1      | Reached XP level 3. HP: 21/29 MP: 3/3
  1168 | D:3      | Gained mutation: You regenerate health from kills. [demonic
                  | ancestry]
  1168 | D:3      | Reached XP level 4. HP: 34/35 MP: 4/4
  1315 | D:2      | Noticed Jessica
  1323 | D:2      | Killed Jessica
  1324 | D:2      | Reached skill level 1 in Shapeshifting
  1682 | D:2      | Found a faded altar of an unknown god.
  1960 | D:2      | Reached XP level 5. HP: 42/42 MP: 5/5
  2152 | D:3      | Reached *** piety under Trog
  2556 | D:4      | Noticed Robin
  2564 | D:4      | Killed Robin
  2718 | D:4      | Gained mutation: You are surrounded by a mild repulsion
                  | field. (EV +2) [demonic ancestry]
  2718 | D:4      | Reached XP level 6. HP: 7/48 MP: 6/6
  2842 | D:4      | Reached skill level 5 in Axes
  3015 | D:4      | Reached skill level 2 in Shapeshifting
  3021 | D:4      | Reached **** piety under Trog
  3087 | D:4      | Found Igigeami's Antique Armour Emporium.
  3252 | D:5      | Entered Level 5 of the Dungeon
  3412 | D:5      | Found a staircase to the Ecumenical Temple.
  3549 | D:5      | Found a stormy altar of Qazlal.
  3577 | D:5      | Gained mutation: You regenerate a lot of health from kills.
                  | [demonic ancestry]
  3577 | D:5      | Reached XP level 7. HP: 47/55 MP: 7/7
  3758 | D:5      | Noticed Ijyb
  3767 | D:5      | Killed Ijyb
  3980 | D:6      | Reached skill level 1 in Shields
  4099 | D:6      | Reached skill level 5 in Fighting
  4099 | D:6      | Reached skill level 3 in Shapeshifting
  4435 | D:6      | Reached XP level 8. HP: 46/63 MP: 8/8
  5111 | D:6      | Reached skill level 4 in Shapeshifting
  5640 | D:7      | Reached skill level 5 in Armour
  5797 | D:7      | Reached skill level 1 in Evocations
  5802 | D:7      | Reached XP level 9. HP: 62/67 MP: 9/9
  5808 | D:7      | Reached ***** piety under Trog
  6711 | D:7      | Found a shimmering blue altar of Sif Muna.
  6983 | D:8      | Noticed Erica
  7128 | D:8      | Reached skill level 5 in Shapeshifting
  7132 | D:7      | Killed Erica
  7218 | D:7      | Received a gift from Trog
  7254 | D:8      | Noticed Prince Ribbit
  7278 | D:8      | Killed Prince Ribbit
  7279 | D:8      | Reached XP level 10. HP: 71/79 MP: 10/10
  7394 | D:8      | Found a sacrificial altar of Ru.
  7405 | D:8      | Found a hazy altar of Hepliaklqana.
  7959 | D:9      | Reached skill level 6 in Shapeshifting
  8021 | D:9      | Noticed a two-headed ogre
  8028 | D:9      | Killed a two-headed ogre
  8378 | D:9      | Noticed a two-headed ogre
  8384 | D:9      | Killed a two-headed ogre
  8597 | D:10     | Entered Level 10 of the Dungeon
  8619 | D:10     | Noticed Gastronok
  8632 | D:10     | Killed Gastronok
  8633 | D:10     | Reached XP level 11. HP: 23/86 MP: 11/11
  8956 | D:10     | Noticed a two-headed ogre
  8964 | D:10     | Killed a two-headed ogre
  8966 | D:10     | Noticed a two-headed ogre
  8973 | D:10     | Killed a two-headed ogre
  8986 | D:10     | Noticed a two-headed ogre
  8988 | D:10     | Noticed a two-headed ogre
  8994 | D:10     | Killed a two-headed ogre
  8995 | D:10     | Reached skill level 7 in Shapeshifting
  9017 | D:10     | Killed a two-headed ogre
  9024 | D:10     | Noticed Fannar
  9054 | D:10     | Killed Fannar
  9054 | D:10     | Received a gift from Trog
  9742 | D:10     | Noticed a fire dragon
  9792 | D:10     | Killed a fire dragon
  9793 | D:10     | Reached skill level 10 in Axes
 10060 | D:10     | Noticed a two-headed ogre
 10066 | D:10     | Killed a two-headed ogre
 10067 | D:10     | Gained mutation: You are surrounded by a moderate repulsion
                  | field. (EV +3) [demonic ancestry]
 10067 | D:10     | Reached XP level 12. HP: 95/95 MP: 4/12
 10151 | D:10     | Found a staircase to the Orcish Mines.
 10796 | D:11     | Reached skill level 8 in Shapeshifting
 10942 | D:11     | Reached skill level 10 in Armour
 10999 | D:11     | Found a frozen archway.
 11262 | IceCv    | Entered an ice cave
 11597 | IceCv    | Noticed a quicksilver ooze
 11614 | IceCv    | Killed a quicksilver ooze
 11897 | IceCv    | Reached skill level 10 in Fighting
 11913 | IceCv    | Noticed a quicksilver ooze
 11919 | IceCv    | Killed a quicksilver ooze
 12527 | IceCv    | Found a viscous altar of Jiyva.
 12527 | IceCv    | Noticed an azure jelly
 12530 | IceCv    | Noticed a quicksilver ooze
 12535 | IceCv    | Killed an azure jelly
 12540 | IceCv    | Killed a quicksilver ooze
 12772 | IceCv    | Identified the ring "Jaazorch" {rC+ rN+ MP+9 Int+5 Dex-4}
 12892 | IceCv    | Received a gift from Trog
 12915 | IceCv    | Got the Grimoire of the Raven
 12918 | IceCv    | Identified the ring "Qyrin" {rPois EV+5 Str+3}
 13172 | D:11     | Noticed a death yak
 13173 | D:11     | Noticed a death yak
 13174 | D:11     | Noticed a death yak
 13187 | D:11     | Killed a death yak
 13188 | D:11     | Gained mutation: A demonic guardian rushes to your aid.
                  | [demonic ancestry]
 13188 | D:11     | Reached XP level 13. HP: 74/106 MP: 13/13
 13425 | D:11     | Found a staircase to the Lair.
 13729 | D:12     | Found a radiant altar of Vehumet.
 13959 | D:12     | Reached skill level 9 in Shapeshifting
 13996 | D:12     | Found a gate leading to a gauntlet.
 14003 | Gauntlet | Entered a Gauntlet
 14003 | Gauntlet | Found a transporter.
 14003 | Gauntlet | Found a runed translucent door.
 14003 | Gauntlet | Found a transporter.
 14005 | Gauntlet | Found a runed translucent door.
 14009 | Gauntlet | Found a transporter.
 14009 | Gauntlet | Found a transporter.
 14013 | Gauntlet | Found a transporter.
 14013 | Gauntlet | Found a transporter.
 14053 | Gauntlet | Found a transporter.
 14057 | Gauntlet | Found a transporter.
 14066 | Gauntlet | Found the amulet of the Four Winds {rN+ Will+++ Clar}
 14075 | Gauntlet | Found the ring of Shadows {Umbra +Inv Stlth+}
 14076 | Gauntlet | Found a transporter.
 14088 | Gauntlet | Found a transporter.
 14107 | Gauntlet | Found a transporter.
 14111 | Gauntlet | Found a transporter.
 14391 | Gauntlet | Noticed a minotaur
 14398 | Gauntlet | Killed a minotaur
 14408 | Gauntlet | Identified the +7 morningstar "Viud" {drain, rC+ rN+ Str+2}
 15126 | D:13     | Identified the +0 robe of Hargheagh {+Blink Dex+2}
 15627 | D:13     | Found a gate to the Vaults.
 15634 | D:13     | Reached skill level 10 in Shapeshifting
 15706 | D:14     | Found Haujaf's Antique Armour Boutique.
 16068 | D:14     | Bought a pair of embroidered boots for 195 gold pieces
 16508 | D:14     | Found an ornate altar of the Wu Jian Council.
 16619 | D:14     | Found Ifar's Antique Weapon Shop.
 16620 | D:14     | Found Fiegauq's Weapon Boutique.
 16671 | D:14     | Found Wyvvaif's Weapon Emporium.
 16688 | D:14     | Reached skill level 1 in Invocations
 16883 | D:14     | Found Ynyntacy's Magic Scroll Shop.
 16890 | D:14     | Bought a scroll of identify for 26 gold pieces
 16890 | D:14     | Bought a scroll of blinking for 97 gold pieces
 16890 | D:14     | Bought a scroll of identify for 26 gold pieces
 16919 | D:15     | Entered Level 15 of the Dungeon
 17075 | D:15     | a water nymph changed into a fire dragon
 17075 | D:15     | Noticed a fire dragon (glowing shapeshifter)
 17076 | D:15     | a fire dragon changed into a shining eye
 17079 | D:15     | Gained mutation: Your health recovers twice as slowly from
                  | being drained. [a shining eye]
 17221 | D:15     | Found a staircase to the Depths.
 17238 | D:15     | Reached skill level 11 in Shapeshifting
 17464 | D:15     | Found Deafebla's Vocational Training.
 17545 | D:15     | Gained mutation: A powerful demonic guardian rushes to your
                  | aid. [demonic ancestry]
 17545 | D:15     | Reached XP level 14. HP: 113/113 MP: 14/14
 18071 | Orc:1    | Entered Level 1 of the Orcish Mines
 18177 | Orc:2    | Entered Level 2 of the Orcish Mines
 18222 | Orc:2    | Noticed an orc warlord
 18322 | Orc:2    | Killed an orc warlord
 18323 | Orc:2    | Reached skill level 12 in Shapeshifting
 18394 | Orc:2    | Found Ozufir's Distillery.
 18455 | Orc:2    | Bought a potion of heal wounds for 75 gold pieces
 18465 | Orc:2    | Noticed an orc warlord
 18467 | Orc:2    | Found a staircase to the Elven Halls.
 18483 | Orc:2    | Killed an orc warlord
 18520 | Orc:2    | Received a gift from Trog
 18531 | Orc:2    | Reached skill level 13 in Shapeshifting
 18680 | Orc:2    | Found Synav's Jewellery Emporium.
 18680 | Orc:2    | Found Unagiuf's Magic Scroll Shop.
 18681 | Orc:2    | Found Boentuha's Weapon Boutique.
 18681 | Orc:2    | Found Aweorgh's Assorted Antiques.
 18689 | Orc:2    | Bought a scroll of poison for 40 gold pieces
 18689 | Orc:2    | Bought a scroll of fear for 40 gold pieces
 18690 | Orc:2    | Bought 2 pink potions for 46 gold pieces
 18692 | Orc:2    | Bought a ring of see invisible for 165 gold pieces
 19260 | Orc:1    | Reached skill level 14 in Shapeshifting
 19572 | Lair:1   | Entered Level 1 of the Lair of Beasts
 19831 | Lair:1   | Reached ****** piety under Trog
 19838 | Lair:1   | Received a gift from Trog
 20403 | Lair:2   | Noticed Amaemon
 20418 | Lair:2   | Killed Amaemon
 20584 | Lair:2   | Reached XP level 15. HP: 102/119 MP: 16/16
 20935 | Lair:2   | Reached skill level 15 in Shapeshifting
 21369 | Lair:3   | You fall into a shaft and drop 2 floors!
 21369 | Lair:5   | Entered Level 5 of the Lair of Beasts
 21421 | Lair:5   | Received a gift from Trog
 21463 | Lair:5   | Paralysed by a hornet for 3 turns
 22189 | Lair:3   | Found a staircase to the Shoals.
 22248 | Lair:3   | Reached skill level 16 in Shapeshifting
 22466 | Lair:3   | Noticed Kirke
 22476 | Lair:3   | Killed Kirke
 22668 | Lair:3   | Found a staircase to the Snake Pit.
 22931 | Lair:2   | Received a gift from Trog
 23701 | Lair:4   | Found a staircase to the Slime Pits.
 24108 | Lair:5   | Identified the +5 trident "Newtslayer" {venom, Str+6}
 24750 | Lair:5   | Received a gift from Trog
 24981 | Lair:5   | Identified the +11 trident of Calamity {spect, *Corrode
                  | rElec Int+3}
 25173 | Lair:5   | Gained mutation: You are surrounded by a strong repulsion
                  | field. (EV +4, RMsl) [demonic ancestry]
 25173 | Lair:5   | Reached XP level 16. HP: 126/126 MP: 17/17
 25826 | Snake:1  | Entered Level 1 of the Snake Pit
 25893 | Snake:1  | Reached skill level 17 in Shapeshifting
 25968 | Snake:1  | Noticed Jorgrun
 26027 | Snake:1  | Killed Jorgrun
 26712 | Snake:2  | Noticed Agnes
 26724 | Snake:2  | Killed Agnes
 26855 | Snake:2  | Noticed Azrael
 26874 | Snake:2  | Killed Azrael
 26985 | Snake:2  | Received a gift from Trog
 27319 | Snake:2  | Reached skill level 5 in Shields
 27983 | Snake:3  | Reached skill level 1 in Stealth
 29863 | Snake:4  | Entered Level 4 of the Snake Pit
 29864 | Snake:4  | Noticed Vashnia
 29882 | Snake:4  | Killed Vashnia
 29922 | Snake:4  | Reached XP level 17. HP: 134/135 MP: 18/18
 29964 | Snake:4  | Received a gift from Trog
 30132 | Snake:4  | Found a blossoming altar of Fedhas.
 30180 | Snake:4  | Found Kegae's Distillery.
 30275 | Snake:4  | Bought 2 potions of heal wounds for 180 gold pieces
 30275 | Snake:4  | Bought a potion of heal wounds for 90 gold pieces
 30864 | Snake:4  | Reached skill level 5 in Dodging
 30985 | Snake:4  | Identified the +4 leather armour "Wouphucu" {rC- Regen+
                  | Stlth+}
 31329 | Snake:4  | Got a serpentine rune of Zot
 31602 | Shoals:1 | Entered Level 1 of the Shoals
 31873 | Shoals:2 | Received a gift from Trog
 31949 | Shoals:2 | Noticed Louise
 32580 | Depths:1 | Entered Level 1 of the Depths
 32671 | Depths:1 | Found a gateway to Hell.
 32747 | Depths:1 | Noticed a bone dragon
 32771 | Depths:1 | Killed a bone dragon
 33287 | Depths:1 | Noticed the Enchantress
 33476 | Depths:2 | Found a one-way gate leading to the halls of Pandemonium.
 33832 | Depths:2 | Found an opulent altar of Gozag.
 34380 | D:15     | Gained mutation: You have a pair of small horns on your
                  | head. [demonic ancestry]
 34380 | D:15     | Reached XP level 18. HP: 137/144 MP: 19/19
 34532 | Depths:1 | HP: 1/188 [spriggan defender/+3 demon whip of
                  | electrocution[the Enchantress] (14)]
 35459 | Shoals:1 | Received a gift from Trog
 35878 | Shoals:2 | Noticed Polyphemus
 35882 | Shoals:2 | Killed Polyphemus
 36051 | Shoals:2 | Identified 2 scrolls of acquirement
 36213 | Shoals:2 | Killed Louise
 36876 | Shoals:3 | Noticed Donald
 36892 | Shoals:3 | Killed Donald
 36990 | Shoals:3 | Found a transporter.
 37012 | Shoals:3 | Noticed Mlioglotl
 37021 | Shoals:3 | Killed Mlioglotl
 37037 | Shoals:3 | Found a bloodstained altar of Trog.
 37037 | Shoals:3 | Noticed Liimbo's ghost (adept FoWn)
 37060 | Shoals:3 | Found a transporter.
 37072 | Shoals:3 | Noticed Nikola
 37103 | Shoals:3 | Identified the serpent talisman of an ice cave {rElec rC-
                  | rN+}
 37103 | Shoals:3 | Noticed Aizul
 37114 | Shoals:2 | Killed Aizul
 37273 | Shoals:2 | Killed Nikola
 38058 | Shoals:3 | Killed Liimbo's ghost
 38071 | Shoals:3 | Identified the +2 hat of Vexation {Dex+5}
 38131 | Shoals:4 | Entered Level 4 of the Shoals
 38219 | Shoals:4 | Reached skill level 15 in Fighting
 38295 | Shoals:4 | Received a gift from Trog
 38296 | Shoals:4 | Gained mutation: You have a pair of horns on your head.
                  | [demonic ancestry]
 38296 | Shoals:4 | Reached XP level 19. HP: 155/155 MP: 20/20
 38502 | Shoals:4 | Paralysed by an air elemental for 1 turns
 38707 | Shoals:4 | Identified the +3 hand axe of Descent {flame, ^Fragile
                  | rElec MP+9}
 38722 | Shoals:4 | Received a gift from Trog
 38742 | Shoals:4 | Paralysed by an air elemental for 1 turns
 38813 | Shoals:4 | Paralysed by an air elemental for 1 turns
 38819 | Shoals:4 | Paralysed by an air elemental for 1 turns
 38983 | Shoals:4 | Got a barnacled rune of Zot
 39454 | Slime:1  | Entered Level 1 of the Pits of Slime
 39466 | Slime:1  | Reached skill level 15 in Axes
 40027 | Depths:2 | Identified the +5 glaive of Disgust {heavy, rN+ Int+2
                  | Dex+3}
 40185 | Depths:2 | Found a one-way gateway to a ziggurat.
 40273 | Depths:2 | Found a one-way gate to the infinite horrors of the Abyss.
 40415 | Depths:2 | Found a runed translucent door.
 40416 | Depths:2 | Found a runed translucent door.
 40427 | Depths:2 | Noticed a golden dragon
 40434 | Depths:2 | Reached skill level 5 in Evocations
 40436 | Depths:2 | Killed a golden dragon
 40450 | Depths:2 | Noticed a golden dragon
 40457 | Depths:2 | Killed a golden dragon
 40486 | Depths:2 | Identified the amulet "Asuskor" {Acrobat Str+6}
 40488 | Depths:2 | Identified the staff "Jom Rotah" {*Corrode Fly rF+ Int+2
                  | Fire Ice}
 40738 | D:15     | Killed the Enchantress
 40739 | D:15     | Reached skill level 18 in Shapeshifting
 40777 | Depths:1 | Received a gift from Trog
 41811 | Depths:4 | Entered Level 4 of the Depths
 41860 | Depths:3 | Found a broken altar of Ashenzari.
 41993 | Depths:3 | Gained mutation: You have a pair of large horns on your
                  | head. [demonic ancestry]
 41993 | Depths:3 | Reached XP level 20. HP: 141/164 MP: 21/21
 42350 | Depths:3 | Found Giekhleuq's Assorted Antiques.
 42388 | Depths:3 | Bought a scroll of blinking for 180 gold pieces
 42430 | Depths:3 | Reached skill level 1 in Spellcasting
 42432 | Depths:3 | Identified the amulet of Xom's Sleight of Hands {Faith
                  | -Cast rF+ Str+3 Stlth+}
 43017 | Depths:4 | Received a gift from Trog
 43035 | Depths:4 | Reached skill level 15 in Armour
 43722 | Depths:4 | Identified the +4 ring mail "Zeamex Ciqor" {rN+ Regen+}
 44154 | Depths:4 | Noticed a golden dragon
 44156 | Depths:4 | Found a gate to the Realm of Zot.
 44159 | Depths:4 | Killed a golden dragon
 44671 | Orc:2    | Acquired the +3 warlock's mirror {omnireflect}
 44671 | Orc:2    | Found the +3 warlock's mirror {omnireflect}
 44690 | Elf:1    | Entered Level 1 of the Elven Halls
 44695 | Elf:1    | Paralysed by an air elemental for 1 turns
 44699 | Elf:1    | You fall into a shaft and drop 1 floor!
 44703 | Elf:2    | Found a runed translucent gate.
 44703 | Elf:2    | Found a runed translucent gate.
 44704 | Elf:2    | Found a runed translucent gate.
 44767 | Elf:2    | Reached skill level 10 in Dodging
 45055 | Elf:2    | Noticed Norris
 45067 | Elf:2    | Killed Norris
 45556 | Elf:1    | Gained mutation: You punish those that try to bend your
                  | will. (Will+) [demonic ancestry]
 45556 | Elf:1    | Reached XP level 21. HP: 174/174 MP: 27/27
 46429 | Elf:2    | Received a gift from Trog
 46506 | Elf:2    | Noticed Saint Roka
 46517 | Elf:2    | Killed Saint Roka
 46639 | Elf:3    | Entered Level 3 of the Elven Halls
 46655 | Elf:3    | Paralysed by an air elemental for 1 turns
 46846 | Elf:3    | Found Hoec's Elven Fire.
 47380 | Elf:3    | Received a gift from Trog
 47381 | Elf:3    | Identified the orb of Tegh {mayhem, Str-5 Int+2 Summ Air}
 47658 | Elf:3    | Identified the ring of Lelaneuwn {rElec rF- rC+++ EV+5
                  | Stlth-}
 47746 | Elf:3    | Identified the amulet of Ruried {RegenMP rElec Int+2}
 47777 | Elf:3    | Identified the ring of Suspected Treachery {EV+5 Str+2}
 47947 | Elf:3    | Identified the ring of the Empire {rElec rPois}
 47949 | Elf:3    | Identified the orb of Cequ {mayhem, Int+8 Dex+3}
 48049 | Elf:3    | Got Lacakip's Teachings on Deathly Ozone
 48864 | Vaults:1 | Entered Level 1 of the Vaults
 49126 | Vaults:1 | Found a runed translucent gate.
 49126 | Vaults:1 | Found a runed translucent gate.
 49126 | Vaults:1 | Found a runed translucent gate.
 49126 | Vaults:1 | Noticed community's ghost (adept HOBe)
 49161 | Vaults:1 | Received a gift from Trog
 49484 | Vaults:1 | Found Maplueji's Distillery.
 49499 | Vaults:1 | Bought a potion of resistance for 120 gold pieces
 49499 | Vaults:1 | Bought 2 potions of heal wounds for 120 gold pieces
 49499 | Vaults:1 | Bought a potion of heal wounds for 60 gold pieces
 49499 | Vaults:1 | Bought 2 potions of heal wounds for 120 gold pieces
 49499 | Vaults:1 | Bought a potion of curing for 36 gold pieces
 49508 | Vaults:1 | Found Tazxur's Assorted Antiques.
 49573 | Vaults:1 | Gained mutation: You are resistant to unholy torment.
                  | [demonic ancestry]
 49573 | Vaults:1 | Reached XP level 22. HP: 183/183 MP: 28/28
 50122 | Vaults:1 | Found a viscous altar of Jiyva.
 50282 | Vaults:2 | Noticed Jory
 50293 | Vaults:2 | Killed Jory
 50295 | Vaults:2 | Noticed Boris
 50300 | Vaults:2 | Killed Boris
 50300 | Vaults:2 | Received a gift from Trog
 50301 | Vaults:2 | Found the +7 lajatang of Order {silver, rMut}
 50755 | Vaults:2 | Identified the storm talisman "Ziluh" {rN+ Stlth+}
 50755 | Vaults:2 | Noticed Sojobo
 50777 | Vaults:2 | Killed Sojobo
 51716 | Vaults:3 | Noticed Boris
 51753 | Vaults:3 | Killed Boris
 51872 | Vaults:3 | Received a gift from Trog
 51930 | Vaults:3 | Reached skill level 19 in Shapeshifting
 51938 | Vaults:3 | Got the Papyrus of the Pyromaniac and the Crypt
 51980 | Vaults:3 | Found a portal to a secret trove of treasure.
 52115 | Vaults:3 | Noticed Xtahua
 52127 | Vaults:3 | Killed Xtahua
 52160 | Vaults:3 | Noticed Mara
 52170 | Vaults:3 | Killed Mara
 52363 | Vaults:3 | Found a staircase to the Crypt.
 52450 | Vaults:3 | Reached skill level 5 in Stealth
 52527 | Vaults:3 | Received a gift from Trog
 52789 | Vaults:3 | Reached XP level 23. HP: 192/192 MP: 29/29
 52827 | Vaults:4 | Noticed Zenata
 52835 | Vaults:4 | Killed Zenata
 52896 | Vaults:4 | Identified the orb of the Orcish Mines {*channel, rN+ Will-
                  | Str+4 Dex+2}
 52896 | Vaults:4 | Noticed Frederick
 52908 | Vaults:4 | Killed Frederick
 53152 | Vaults:4 | Reached skill level 10 in Shields
 53657 | Vaults:4 | Identified the +1 leather armour of Enoomm {rCorr}
 53931 | Vaults:5 | Entered Level 5 of the Vaults
 53936 | Vaults:5 | Noticed an ancient lich
 53961 | Vaults:5 | Noticed an ancient lich
 54003 | Vaults:5 | Killed an ancient lich
 54004 | Vaults:5 | Killed an ancient lich
 54054 | Vaults:5 | Identified the ring "Nusius Leb" {rPois rN+ rCorr Dex+7}
 54068 | Vaults:5 | Received a gift from Trog
 54072 | Vaults:5 | Found the +7 great mace "Firestarter" {flame, immolate,
                  | rFlCloud rF++}
 54085 | Vaults:5 | Reached skill level 5 in Spellcasting
 54093 | Vaults:5 | Got Tokom's Incunable of Orientation and Accomplices
 54096 | Vaults:5 | Got the Handbook of Nonlocality and Striking
 54138 | Vaults:5 | Identified the +8 glaive "Tobbeafiuk" {flame, SInv Stlth+}
 54225 | Vaults:5 | Noticed a dread lich
 54240 | Vaults:5 | Killed a dread lich
 54252 | Vaults:5 | Got a silver rune of Zot
 54422 | Vaults:5 | Identified the +0 pair of boots of the Beastly Baku
                  | {Rampage rPois Stlth+}
 54438 | Vaults:5 | Identified the +10 chain mail of Aqyet {Regen+}
 54464 | Vaults:5 | Got the Octavo of Reagents and Feathers
 54545 | Vaults:5 | Received a gift from Trog
 54727 | Vaults:5 | Noticed a dread lich
 54742 | Vaults:5 | Killed a dread lich
 54751 | Vaults:5 | Reached XP level 24. HP: 120/202 MP: 31/31
 55178 | Vaults:5 | Identified the +5 morningstar "Quicuwad" {elec, ^Contam
                  | rElec rCorr Int+3}
 55195 | Vaults:5 | Identified the +3 scale mail of Vampiric Thralls {-Cast
                  | rPois rN+++ Int-4}
 55939 | D:12     | Fell from the grace of Trog
 55939 | D:12     | Became a worshipper of Vehumet
 56281 | Vaults:1 | Killed community's ghost
 56311 | Vaults:1 | Identified the +7 morningstar of the Resonant God {heavy,
                  | *Slow ^Fragile Fly rPois}
 56783 | Slime:2  | Reached skill level 1 in Conjurations
 56787 | Slime:2  | Reached skill level 20 in Shapeshifting
 56823 | Slime:2  | Reached * piety under Vehumet
 56823 | Slime:2  | Offered knowledge of Freeze by Vehumet.
 57952 | Slime:3  | Reached ** piety under Vehumet
 57963 | Slime:3  | Offered knowledge of Shock by Vehumet.
 58332 | Slime:5  | Entered Level 5 of the Pits of Slime
 58335 | Slime:5  | Found the +11 plutonium sword {^Contam Stlth-}
 58406 | Slime:5  | Found the +16 obsidian axe {drain, demonic, Mesm ^Drain Fly
                  | SInv}
 58421 | Slime:5  | Offered knowledge of Static Discharge by Vehumet.
 58444 | Slime:5  | Noticed the Royal Jelly
 58446 | Slime:5  | Found a viscous altar of Jiyva.
 58473 | Slime:5  | Reached *** piety under Vehumet
 58475 | Slime:5  | Killed the Royal Jelly
 58492 | Slime:5  | Reached skill level 21 in Shapeshifting
 58766 | Slime:5  | Identified the +6 longbow "Tann" {speed, rPois MP+9 Str-5
                  | Dex+2}
 58776 | Slime:5  | Identified the staff of the Original Sin {rF+ Earth}
 58939 | Slime:5  | Identified the +4 mace "Jellyslayer" {holy, rC- Will+ Dex+5
                  | SInv}
 59065 | Slime:5  | Identified the ring of Qazlal's Inspiration {rC+ Str+2
                  | Int+4}
 59080 | Slime:5  | Identified the ring of Meass {rElec rF- rC+ rN+ Dex+4}
 59413 | Slime:5  | Got a slimy rune of Zot
 59552 | Slime:4  | Offered knowledge of Olgreb's Toxic Radiance by Vehumet.
 59909 | Slime:3  | Reached **** piety under Vehumet
 60096 | Lair:4   | Lost mutation: Your health recovers twice as slowly from
                  | being drained. [potion of mutation]
 60096 | Lair:4   | Gained mutation: Your health recovers twice as slowly from
                  | being drained. [potion of mutation]
 60096 | Lair:4   | Gained mutation: You are robust. (+10% HP) [potion of
                  | mutation]
 60096 | Lair:4   | Gained mutation: Your magical capacity is low. (-10% MP)
                  | [potion of mutation]
 60096 | Lair:4   | Gained mutation: You have large cloven feet. [potion of
                  | mutation]
 60097 | Lair:4   | Lost mutation: You are robust. (+10% HP) [potion of
                  | mutation]
 60097 | Lair:4   | Lost mutation: You have large cloven feet. [potion of
                  | mutation]
 60097 | Lair:4   | Lost mutation: Your magical capacity is low. (-10% MP)
                  | [potion of mutation]
 60097 | Lair:4   | Gained mutation: You expend magic power (3 MP) to
                  | strengthen your wands. [potion of mutation]
 60098 | Lair:4   | Lost mutation: You expend magic power (3 MP) to strengthen
                  | your wands. [potion of mutation]
 60098 | Lair:4   | Lost mutation: Your health recovers twice as slowly from
                  | being drained. [potion of mutation]
 60098 | Lair:4   | Gained mutation: You are weak. (Str -2) [potion of
                  | mutation]
 60098 | Lair:4   | Gained mutation: You have an increased reservoir of magic.
                  | (+10% MP) [potion of mutation]
 60099 | Lair:4   | Lost mutation: You are weak. (Str -2) [potion of mutation]
 60099 | Lair:4   | Lost mutation: You have an increased reservoir of magic.
                  | (+10% MP) [potion of mutation]
 60099 | Lair:4   | Gained mutation: You passively map a small area around you.
                  | [potion of mutation]
 60099 | Lair:4   | Gained mutation: You have very sharp teeth. [potion of
                  | mutation]
 60107 | Lair:4   | Lost mutation: You passively map a small area around you.
                  | [potion of mutation]
 60107 | Lair:4   | Lost mutation: You have very sharp teeth. [potion of
                  | mutation]
 60107 | Lair:4   | Gained mutation: Your spells are a little easier to cast,
                  | but a little less powerful. [potion of mutation]
 60107 | Lair:4   | Gained mutation: You are resistant to electric shocks.
                  | (rElec) [potion of mutation]
 60107 | Lair:4   | Gained mutation: Your movements are slightly less
                  | encumbered by armour. (ER -2) [potion of mutation]
 60107 | Lair:4   | Gained mutation: Your muscles are strong. (Str +4, Int/Dex
                  | -1) [potion of mutation]
 60300 | D:14     | Bought a scroll of enchant armour for 97 gold pieces
 60300 | D:14     | Bought a scroll of blinking for 97 gold pieces
 60312 | D:14     | Learned a level 9 spell: Fire Storm
 60322 | D:14     | Learned a level 9 spell: Polar Vortex
 60324 | D:14     | Learned a level 1 spell: Apportation
 60328 | D:14     | Learned a level 3 spell: Swiftness
 60333 | D:14     | Learned a level 4 spell: Manifold Assault
 60571 | Crypt:1  | Entered Level 1 of the Crypt
 60608 | Crypt:1  | Offered knowledge of Iskenderun's Mystic Blast by Vehumet.
 60647 | Crypt:1  | Noticed a royal mummy
 60651 | Crypt:1  | Noticed Khufu
 60664 | Crypt:1  | Killed a royal mummy
 61014 | Crypt:1  | Killed Khufu
 61159 | Crypt:1  | Learned a level 5 spell: Fireball
 61428 | Crypt:1  | Reached XP level 25. HP: 210/210 MP: 34/34
 61548 | Crypt:1  | Paralysed by Trog for 5 turns
 61760 | Crypt:1  | Reached ***** piety under Vehumet
 61771 | Crypt:1  | Offered knowledge of Fulminant Prism by Vehumet.
 61772 | Crypt:1  | Reached skill level 22 in Shapeshifting
 62286 | Crypt:2  | Noticed a dread lich
 62291 | Crypt:2  | Found a burning altar of Makhleb.
 62296 | Crypt:2  | Killed a dread lich
 62297 | Crypt:2  | Identified the ring of Vuomes {^Contam rPois Int+3 Dex+8
                  | Stlth-}
 62303 | Crypt:2  | Found the +8 arc blade {discharge, rElec}
 62326 | Crypt:2  | Identified the +0 robe of Creativity {Fly Dex-2 SInv}
 62374 | Crypt:2  | Identified the ring "Defot" {rElec rC- Will+ Str-3 Int+8}
 62800 | Crypt:2  | Got the Teachings on Fulgurant Outbursts
 62816 | Crypt:2  | Learned a level 2 spell: Blink
 62822 | Crypt:2  | Learned a level 5 spell: Silence
 62917 | Crypt:3  | Entered Level 3 of the Crypt
 63113 | Crypt:3  | Offered knowledge of Irradiate by Vehumet.
 63131 | Crypt:3  | Found a basalt altar of Yredelemnul.
 63142 | Crypt:3  | Gained mutation: You are vulnerable to heat. (rF-)
                  | [mutagenic glow]
 63156 | Crypt:3  | Gained mutation: You are dopey. (Int -2) [mutagenic glow]
 63251 | Crypt:3  | Identified the +7 bardiche "Hellblazer" {speed, rN+ MP-9
                  | Str+2 Stlth+}
 63330 | Crypt:3  | Reached skill level 23 in Shapeshifting
 63333 | Crypt:3  | Found a staircase to the Tomb.
 63333 | Crypt:3  | Noticed an ancient lich
 63342 | Crypt:3  | Killed an ancient lich
 63706 | Crypt:3  | Identified the +7 sling of the Orb {drain, ^Fragile +Blink
                  | rPois Str+3}
 63708 | Crypt:3  | Identified the ring "Metac" {+Blink rF+ rN+ rCorr Stlth-}
 63708 | Crypt:3  | Identified the ring "Ciudd" {rPois rN+ Str+6 Dex-2 SInv}
 63708 | Crypt:3  | Identified the ring "Asezinum" {^Drain rElec rC++ rN+
                  | Slay+3}
 63725 | Crypt:3  | Lost mutation: Your movements are slightly less encumbered
                  | by armour. (ER -2) [potion of mutation]
 63725 | Crypt:3  | Lost mutation: You are dopey. (Int -2) [potion of mutation]
 63725 | Crypt:3  | Lost mutation: Your muscles are strong. (Str +4, Int/Dex
                  | -1) [potion of mutation]
 63725 | Crypt:3  | Gained mutation: Your magical capacity is low. (-10% MP)
                  | [potion of mutation]
 63725 | Crypt:3  | Gained mutation: You passively map a small area around you.
                  | [potion of mutation]
 63726 | Crypt:3  | Lost mutation: You are resistant to electric shocks.
                  | (rElec) [potion of mutation]
 63726 | Crypt:3  | Lost mutation: You are vulnerable to heat. (rF-) [potion of
                  | mutation]
 63726 | Crypt:3  | Lost mutation: Your magical capacity is low. (-10% MP)
                  | [potion of mutation]
 63726 | Crypt:3  | Gained mutation: Your system is resistant to poisons.
                  | (rPois) [potion of mutation]
 63726 | Crypt:3  | Gained mutation: Your muscles are strong. (Str +4, Int/Dex
                  | -1) [potion of mutation]
 63726 | Crypt:3  | Gained mutation: You are vulnerable to heat. (rF-) [potion
                  | of mutation]
 63726 | Crypt:3  | Gained mutation: Your mind is acute. (Int +4, Str/Dex -1)
                  | [potion of mutation]
 63727 | Crypt:3  | Lost mutation: Your spells are a little easier to cast, but
                  | a little less powerful. [potion of mutation]
 63727 | Crypt:3  | Lost mutation: Your mind is acute. (Int +4, Str/Dex -1)
                  | [potion of mutation]
 63727 | Crypt:3  | Gained mutation: You possess an exceptional clarity of
                  | mind. [potion of mutation]
 63727 | Crypt:3  | Gained mutation: Your magical capacity is low. (-10% MP)
                  | [potion of mutation]
 63727 | Crypt:3  | Lost mutation: Your magical capacity is low. (-10% MP)
                  | [potion of mutation]
 63776 | Crypt:3  | Lost mutation: You are vulnerable to heat. (rF-) [potion of
                  | mutation]
 63776 | Crypt:3  | Lost mutation: Your system is resistant to poisons. (rPois)
                  | [potion of mutation]
 63776 | Crypt:3  | Gained mutation: You have a somewhat thin skeletal
                  | structure. (Dex +2, Stealth+) [potion of mutation]
 63802 | Crypt:3  | Offered knowledge of Plasma Beam by Vehumet.
 63869 | Crypt:3  | Identified the ring "Assenihu" {Wiz rElec Int+3 SInv
                  | Stlth+}
 64308 | Tomb:1   | Entered Level 1 of the Tomb of the Ancients
 64392 | Tomb:1   | Reached skill level 1 in Fire Magic
 64398 | Tomb:1   | Reached skill level 5 in Conjurations
 64685 | Tomb:1   | Noticed a royal mummy
 64687 | Tomb:1   | Noticed a royal mummy
 64694 | Tomb:1   | Killed a royal mummy
 64694 | Tomb:1   | Killed a royal mummy
 65132 | Tomb:2   | Noticed a royal mummy
 65137 | Tomb:2   | Killed a royal mummy
 65138 | Tomb:2   | Noticed a royal mummy
 65173 | Tomb:2   | Noticed a royal mummy
 65175 | Tomb:2   | Noticed a royal mummy
 65177 | Tomb:2   | Offered knowledge of Spellforged Servitor by Vehumet.
 65179 | Tomb:2   | Killed a royal mummy
 65183 | Tomb:2   | Killed a royal mummy
 65184 | Tomb:2   | Gained mutation: You can hurl damnation. [demonic ancestry]
 65184 | Tomb:2   | Reached XP level 26. HP: 144/218 MP: 36/36
 65187 | Tomb:2   | Killed a royal mummy
 65486 | Tomb:1   | Noticed a royal mummy
 65495 | Tomb:1   | Killed a royal mummy
 65497 | Tomb:1   | Noticed a royal mummy
 65506 | Tomb:1   | Killed a royal mummy
 65507 | Tomb:1   | Reached skill level 5 in Fire Magic
 65510 | Tomb:1   | Noticed a royal mummy
 65513 | Tomb:1   | Noticed a royal mummy
 65519 | Tomb:1   | Killed a royal mummy
 65520 | Tomb:1   | Killed a royal mummy
 65520 | Tomb:1   | Noticed a royal mummy
 65530 | Tomb:1   | Killed a royal mummy
 65540 | Tomb:1   | Noticed a royal mummy
 65549 | Tomb:1   | Killed a royal mummy
 65557 | Tomb:1   | Noticed a royal mummy
 65559 | Tomb:1   | Noticed a royal mummy
 65562 | Tomb:1   | Noticed a royal mummy
 65567 | Tomb:1   | Killed a royal mummy
 66072 | Tomb:1   | Killed a royal mummy
 66177 | Tomb:1   | Noticed a royal mummy
 66185 | Tomb:1   | Noticed a royal mummy
 66187 | Tomb:1   | Killed a royal mummy
 66200 | Tomb:1   | Noticed a royal mummy
 66203 | Tomb:1   | Killed a royal mummy
 66215 | Tomb:1   | Killed a royal mummy
 66227 | Tomb:1   | Noticed a royal mummy
 66248 | Tomb:1   | Killed a royal mummy
 66250 | Tomb:1   | Noticed a royal mummy
 66253 | Tomb:1   | Noticed a royal mummy
 66260 | Tomb:1   | Killed a royal mummy
 66269 | Tomb:1   | Killed a royal mummy
 66376 | Tomb:1   | Noticed a royal mummy
 66384 | Tomb:1   | Killed a royal mummy
 66408 | Tomb:1   | Killed a royal mummy
 66409 | Tomb:1   | Noticed a royal mummy
 66413 | Tomb:1   | Noticed a royal mummy
 66433 | Tomb:1   | Killed a royal mummy
 66436 | Tomb:1   | Killed a royal mummy
 66448 | Tomb:1   | Noticed a royal mummy
 66469 | Tomb:1   | Noticed a royal mummy
 66479 | Tomb:1   | Killed a royal mummy
 66491 | Tomb:1   | Killed a royal mummy
 66508 | Tomb:1   | Noticed a royal mummy
 66519 | Tomb:1   | Killed a royal mummy
 66542 | Tomb:1   | Noticed a royal mummy
 66548 | Tomb:1   | Noticed a royal mummy
 66553 | Tomb:1   | Killed a royal mummy
 66568 | Tomb:1   | Killed a royal mummy
 66572 | Tomb:1   | Noticed a royal mummy
 66582 | Tomb:1   | Killed a royal mummy
 66584 | Tomb:1   | Noticed a royal mummy
 66597 | Tomb:1   | Killed a royal mummy
 66598 | Tomb:1   | Reached skill level 10 in Spellcasting
 67492 | Elf:3    | Bought Wiokkean's Volume of Oxidation for 782 gold pieces
 67500 | Elf:3    | Learned a level 6 spell: Plasma Beam
 67509 | Elf:3    | Paralysed by an air elemental for 1 turns
 68587 | Tomb:2   | Paralysed by a Zot trap for 4 turns
 68726 | Tomb:3   | Entered Level 3 of the Tomb of the Ancients
 68744 | Tomb:3   | Found the amulet of Elemental Vulnerability {rPois rF--
                  | rC-- AC+8}
 68765 | Tomb:3   | Paralysed by a Zot trap for 4 turns
 68776 | Tomb:3   | Offered knowledge of Iskenderun's Battlesphere by Vehumet.
 68781 | Tomb:3   | Lost mutation: Your muscles are strong. (Str +4, Int/Dex
                  | -1) [mutagenic glow]
 68784 | Tomb:3   | Noticed a royal mummy
 68790 | Tomb:3   | Gained mutation: Your magical capacity is low. (-10% MP)
                  | [mutagenic glow]
 68797 | Tomb:3   | Killed a royal mummy
 68801 | Tomb:3   | Noticed a royal mummy
 68828 | Tomb:3   | Killed a royal mummy
 68832 | Tomb:3   | Noticed a royal mummy
 68832 | Tomb:3   | Noticed a royal mummy
 68833 | Tomb:3   | Noticed a royal mummy
 68837 | Tomb:3   | Killed a royal mummy
 68838 | Tomb:3   | Reached skill level 1 in Air Magic
 68839 | Tomb:3   | Noticed a royal mummy
 69059 | Tomb:3   | Noticed a royal mummy
 69059 | Tomb:3   | Noticed a royal mummy
 69066 | Tomb:3   | Killed a royal mummy
 69066 | Tomb:3   | Killed a royal mummy
 69073 | Tomb:3   | Killed a royal mummy
 69076 | Tomb:3   | Reached XP level 27. HP: 228/228 MP: 33/33
 69084 | Tomb:3   | Noticed a royal mummy
 69085 | Tomb:3   | Reached ****** piety under Vehumet
 69085 | Tomb:3   | Offered knowledge of Irradiate by Vehumet.
 69109 | Tomb:3   | Killed a royal mummy
 69119 | Tomb:3   | Killed a royal mummy
 69128 | Tomb:3   | Killed a royal mummy
 69396 | Tomb:3   | Got a golden rune of Zot
 69585 | Tomb:3   | Identified the +11 lajatang "Wyre" {flame, Dex+4}
 69643 | Tomb:3   | Was forgiven by Trog
 69837 | Tomb:3   | Identified the +6 scale mail "Xusuy" {rF+ Will+}
 69839 | Tomb:3   | Identified the +8 sling "Grim" {heavy, rElec Will+ MP+9
                  | Dex+3}
 69862 | Tomb:3   | Got the Directory of the Goat
 69869 | Tomb:3   | Identified the staff "Kauxtugo" {rPois rN++ Int-5 Dex+3
                  | Alchemy}
 69875 | Tomb:3   | Identified the +10 sling of Instinct {drain, Int+2}
 69876 | Tomb:3   | Identified the +4 orcbow "Deyjit" {speed, rF+ Will+}
 69878 | Tomb:3   | Identified the +11 quarterstaff of Understanding {flame,
                  | Will++}
 70144 | Crypt:3  | Lost mutation: You have a somewhat thin skeletal structure.
                  | (Dex +2, Stealth+) [potion of mutation]
 70144 | Crypt:3  | Lost mutation: You possess an exceptional clarity of mind.
                  | [potion of mutation]
 70144 | Crypt:3  | Lost mutation: Your magical capacity is low. (-10% MP)
                  | [potion of mutation]
 70144 | Crypt:3  | Gained mutation: Armour fits poorly on your strangely
                  | shaped body. [potion of mutation]
 70144 | Crypt:3  | Gained mutation: A frigid envelope surrounds you and
                  | freezes all who hurt you. [potion of mutation]
 70144 | Crypt:3  | Gained mutation: You are vulnerable to heat. (rF-) [potion
                  | of mutation]
 70144 | Crypt:3  | Gained mutation: You are strong-willed. (Will+) [potion of
                  | mutation]
 70145 | Crypt:3  | Lost mutation: You passively map a small area around you.
                  | [potion of mutation]
 70145 | Crypt:3  | Lost mutation: You are strong-willed. (Will+) [potion of
                  | mutation]
 70145 | Crypt:3  | Lost mutation: You are vulnerable to heat. (rF-) [potion of
                  | mutation]
 70146 | Crypt:3  | Lost mutation: A frigid envelope surrounds you and freezes
                  | all who hurt you. [potion of mutation]
 70146 | Crypt:3  | Lost mutation: Armour fits poorly on your strangely shaped
                  | body. [potion of mutation]
 70146 | Crypt:3  | Gained mutation: Armour fits poorly on your strangely
                  | shaped body. [potion of mutation]
 70147 | Crypt:3  | Lost mutation: Armour fits poorly on your strangely shaped
                  | body. [potion of mutation]
 70147 | Crypt:3  | Gained mutation: You are weak. (Str -2) [potion of
                  | mutation]
 70147 | Crypt:3  | Gained mutation: You sometimes lose your temper in combat.
                  | [potion of mutation]
 70148 | Crypt:3  | Lost mutation: You are weak. (Str -2) [potion of mutation]
 70148 | Crypt:3  | Lost mutation: You sometimes lose your temper in combat.
                  | [potion of mutation]
 70148 | Crypt:3  | Gained mutation: Your body sometimes deteriorates upon
                  | taking damage. [potion of mutation]
 70148 | Crypt:3  | Gained mutation: You are strong-willed. (Will+) [potion of
                  | mutation]
 70482 | Hell     | Entered the Vestibule of Hell
 70482 | Hell     | Noticed Geryon
 70509 | Hell     | Killed Geryon
 70572 | Hell     | Offered knowledge of Lehudib's Crystal Spear by Vehumet.
 70864 | Hell     | Reached skill level 10 in Fire Magic
 70925 | Hell     | Found a gateway to the decaying netherworld of Tartarus.
 70990 | Hell     | Found a gateway to the ashen valley of Gehenna.
 71032 | Hell     | Found a gateway to the freezing wastes of Cocytus.
 71173 | Hell     | Found a gateway to the Iron City of Dis.
 71502 | Vaults:3 | You paid a toll of the horn of Geryon to enter a treasure
                  | trove
 71503 | Trove    | Entered a treasure trove
 71819 | Hell     | Acquired 817 gold pieces
 71906 | Dis:1    | Entered Level 1 of the Iron City of Dis
 72212 | Dis:1    | HP: 7/267 [twister/vortex[a Zot trap] (12)]
 72212 | Dis:1    | Killed from afar by a twister

Illustrated notes

Levels and vault maps discovered:
D:1:      co_arrival_square_in_a_square_in_a_square, layout_rooms,
          serial_forest, infiniplex_forest_lined_3,
          infiniplex_forest_clump_long, infiniplex_forest_straight_3,
          infiniplex_forest_clump_cross, infiniplex_forest_clump_medium,
          infiniplex_forest_side_room, infiniplex_forest_clump_C,
          minmay_tree_intersection
D:2:      layout_basic, dilly_ecumenical_altar_fadedgnrine, uniq_jessica
D:3:      layout_rooms
D:4:      kennysheep_the_goblin_king, layout_cave_pools, serial_shops,
          nicolae_shop_back_alley_shop, uniq_robin
D:5:      layout_rooms, kennysheep_mini, temple_statues,
          kennysheep_generic_room_10, uniq_ijyb
D:6:      layout_cave_pods
D:7:      layout_loops_corners, nicolae_overflow_hidden_temple,
          serial_bayou_lake_a
D:8:      layout_cave_pools, mainiacjoe_overflow_paths,
          mainiacjoe_overflow_surrounded_room, uniq_prince_ribbit1, uniq_erica
D:9:      layout_basic
D:10:     minmay_imperfect_grid, layout_long_grid, orc_0_dummy, special_room
          [special_room_bee], minmay_microvault, uniq_gastronok, uniq_fannar
D:11:     layout_irregular_city, dpeg_lair_monsters,
          portal_ice_cave_entry_ice_simulacra
D:12:     layout_basic, gauntlet_entry_generic, vehumet_statue
D:13:     layout_roguey, hellmonk_vaults_attempted_burglary
D:14:     layout_loops_corners, serial_shops, shop, shop, nicolae_stop_n_shop_2,
          nicolae_shop_bloodbath_and_beyond, shop,
          nicolae_wu_jian_immortal_techniques, kennysheep_crisscross
D:15:     hangedman_depths_entry_civil_slaughter, layout_basic,
          nicolae_shop_vocational
Lair:1:   layout_chaotic_city, grunt_megastairs_2, infiniplex_staircase_pool_2
Lair:2:   layout_regular_city, uniq_amaemon
Lair:3:   layout_regular_city, minmay_shoals_entry_centaurs,
          minmay_snake_entry_guardpost_large, minivault_19,
          chequers_serial_rivers_micro_b, cheibrodos_lair_reptile_den,
          grunt_megastairs_5, infiniplex_staircase_pool, uniq_kirke
Lair:4:   layout_regular_city, dpeg_slime_entry_enclosed
Lair:5:   hangedman_lair_caniforms_friends, layout_regular_city, wormcave
Shoals:1: layout_shoals, nicolae_shoals_spring_well_temple
Shoals:2: layout_shoals, uniq_polyphemus, uniq_louise
Shoals:3: layout_shoals, gammafunk_ghost_wrathful_warriors, uniq_nikola,
          uniq_aizul, uniq_donald, uniq_mlioglotl
Shoals:4: shoals_end_hellmonk_storm_palace [storm_palace_center_circular,
          storm_palace_corner_grid, storm_palace_corner_altar,
          storm_palace_corner_pillars, storm_palace_corner_pillars]
Snake:1:  layout_rooms, uniq_jorgrun
Snake:2:  layout_layer_cave, uniq_azrael, uniq_agnes
Snake:3:  layout_layer_cave, basic_altar
Snake:4:  snake_pit_salamanders_mu, layout_cave_town, serial_shops,
          nicolae_shop_industrial_runoff, basic_altar, abandoned_shop,
          grunt_megastairs_3, uniq_vashnia
Slime:1:  cheibrodos_slime_lost_civilization_9, layout_caves,
          nicolae_slime_barrier
Slime:2:  layout_caves, cheibrodos_slime_lost_civilization_4
Slime:3:  layout_caves
Slime:4:  layout_caves
Slime:5:  slime_pit_nicolae_inversion
Orc:1:    layout_caves, nicolae_orc_jurassic_orc
Orc:2:    st_orc_ogre_mass, layout_diamond_mine, serial_shops,
          nicolae_shop_crystal
Elf:1:    nicolae_elf_arrival_aired_out, layout_loops_cross, evilmike_minifort
Elf:2:    nicolae_elf_blades_crystal_corner, layout_geoelf_octagon,
          uniq_saint_roka, uniq_norris
Elf:3:    elf_hall, layout_gridlike, serial_corexii_hall,
          corexii_hall_statues_x, corexii_hall_statues_t, guppyfry_elf_lava
Vaults:1: gammafunk_ghost_ooze, nicolae_vaults_weapon_check,
          nicolae_vaults_circle_grid_b, hangedman_vaults_stagger, v_misc_2,
          v_misc_5, hangedman_vaults_trim, nicolae_vaults_six-pack,
          layout_vaults_omnigrid, serial_shops, shop, shop
Vaults:2: nicolae_vaults_little_squares_2, v_misc_17,
          nicolae_vaults_doubleplus_tesselated, vaults_dpeg_cross,
          nicolae_vaults_network_star, nicolae_vaults_shrinking_rooms_2,
          v_pattern_3, sword_in_stone, nicolae_vaults_network_square,
          vaults_dpeg_hooks, nicolae_vaults_closet_pinwheel_1,
          layout_vaults_omnibox, uniq_jory, uniq_boris
Vaults:3: minmay_crypt_entry_nasty_monster, vaults_mumra_hex,
          nicolae_vaults_apartment_2, vaults_room_fours,
          nicolae_vaults_closet_pinwheel_4, vaults_dpeg_ring,
          dpeg_vaults_monster_box, v_misc_30, vaults_dpeg_encased_lava,
          nicolae_vaults_storage_closets_1,
          nicolae_vaults_antechamber_and_loot_room, layout_vaults_big_room,
          nicolae_trove_entry_crystal, uniq_xtahua, uniq_mara
Vaults:4: v_alt_pattern_6, nicolae_vaults_heart-shaped_vault,
          nicolae_vaults_closet_pinwheel_5, nicolae_vaults_turnstiles,
          nicolae_vaults_hallways_thing, nicolae_vaults_diamond_2,
          vaults_mumra_minichess, nicolae_vaults_mini_display_case,
          vaults_room_pool, layout_vaults_ring, uniq_zenata, uniq_frederick
Vaults:5
Crypt:1:  layout_gridlike, nicolae_crypt_knight_watch, uniq_khufu
Crypt:2:  layout_chaotic_city, nicolae_crypt_vampire_mansion, grunt_megastairs_4
Crypt:3:  grunt_crypt_end_deaths_head
Tomb:1
Tomb:2
Tomb:3
Depths:1: layout_cave_shapes, grunt_mini_vestibule, minmay_misc_feat_encased,
          kennysheep_generic_room_11, uniq_enchantress
Depths:2: minmay_the_grid_triangle_9x9_rhombus_thin_mashed
          [minmay_the_grid_triangle_9x9_flanged_cone,
          minmay_the_grid_triangle_9x9_prize_insulated,
          minmay_the_grid_triangle_9x9_descending_squares,
          minmay_the_grid_triangle_9x9_tough_junction], layout_cave_pools,
          enter_ziggurat_a, abyss_entry, pan_entry, hell_entry,
          grunt_gozag_breadcrumbs
Depths:3: cheibrodos_birdhouse, layout_gridlike, serial_shops, shop,
          nicolae_ashenzari_skybound, hangedman_geh_valley, abyss_entry,
          minmay_misc_feat_rows
Depths:4: grunt_zot_entry_alcove, layout_cave_pools, pf_hell_entry_tar_spiral,
          serial_column_ruins, column_ruins_hut, column_ruins_open_small,
          column_ruins_columns_straight, column_ruins_open_tiny,
          column_ruins_columns_corner, column_ruins_open_small,
          column_ruins_open_small, st_stairs_10, minmay_misc_feat_plants,
          nicolae_fountain_basement
Hell
Dis:1:    nicolae_dis_heavy_security, layout_gridville

Skill      XL: |  1  2  3  4  5  6  7  8  9 10 11 12 13 14 15 16 17 18 19 20 21 22 23 24 25 26 27 |
---------------+----------------------------------------------------------------------------------+-----
Axes           | 3 4 5 7 10 11 12 13 14 15 16 17 18 | 18.7
Dodging        | 2 4 6 8 9 10 11 12 13 | 13.7
Shapeshifting  | 1 2 3 4 5 6 7 8 11 14 16 17 18 19 21 23 | 23.5
Fighting       | 4 5 6 7 8 9 11 12 13 15 16 17 18 19 20 21 | 21.3
Armour         | 2 3 5 7 8 9 11 12 13 14 15 16 17 | 17.8
Shields        | 1 3 4 5 6 7 8 9 10 11 13 14 | 14.0
Evocations     | 1 3 5 6 8 |  8.3
Invocations    | 1 2 |  2.3
Stealth        | 1 2 3 5 6 |  6.8
Spellcasting   | 4 5 7 9 10 11 | 11.1
Conjurations   | 2 5 8 9 |  9.3
Fire Magic     | 4 8 10 | 10.2
Air Magic      | 1 4 |  4.0
Short Blades   | |  0.8
Long Blades    | |  0.6
Staves         | |  0.6
Ranged Weapons | |  0.6

Action                     |  1- 3 |  4- 6 |  7- 9 | 10-12 | 13-15 | 16-18 | 19-21 | 22-24 | 25-27 || total
---------------------------+-------+-------+-------+-------+-------+-------+-------+-------+-------++-------
  Melee: Hand axe          |   106 |   247 |   187 |       |       |       |       |       |       ||   540
         Punch             |     2 |     3 |       |       |       |       |       |       |       ||     5
         Spear             |       |       |   170 |       |       |       |       |       |       ||   170
         Broad axe         |       |       |     6 |   165 |   855 |  1259 |   832 |  1018 |  1055 ||  5190
         Executioner's axe |       |       |       |   272 |       |       |       |       |       ||   272
         Morningstar       |       |       |       |       |    38 |       |       |       |       ||    38
         Headbutt          |       |       |       |       |       |    77 |   201 |   360 |   371 ||  1009
   Fire: Hand cannon       |       |       |       |       |       |       |     2 |       |       ||     2
  Throw: Throwing net      |       |       |       |     1 |       |       |     1 |       |       ||     2
   Cast: Swiftness         |       |       |       |       |       |       |       |       |     2 ||     2
         Fireball          |       |       |       |       |       |       |       |       |     1 ||     1
 Invoke: Berserk           |     1 |     1 |     2 |     6 |     6 |     7 |       |     1 |       ||    24
         Brothers in Arms  |       |       |       |     2 |       |     1 |     2 |     1 |       ||     6
         Trog's Hand       |       |       |       |       |       |       |     2 |     3 |       ||     5
Ability: Siphon Essence    |       |       |       |       |       |       |       |       |     2 ||     2
         Hurl Damnation    |       |       |       |       |       |       |       |       |     1 ||     1
         Evoke Blink       |       |       |       |       |       |       |       |       |     1 ||     1
  Evoke: Wand              |       |       |    13 |    45 |     1 |     9 |    27 |     1 |     1 ||    97
         Box of beasts     |       |       |       |       |       |       |     1 |     1 |       ||     2
    Use: Scroll            |       |       |       |    11 |    13 |    20 |    22 |    23 |    15 ||   104
         Potion            |       |       |       |     7 |     3 |    15 |     7 |    10 |    24 ||    66
   Stab: Sleeping          |     1 |       |       |       |       |    25 |    11 |    17 |    10 ||    64
         Paralysed         |       |       |     2 |       |       |       |       |       |       ||     2
         Distracted        |       |       |       |       |     2 |     6 |    14 |    27 |    26 ||    75
         Invisible         |       |       |       |       |       |       |       |     5 |       ||     5
         Fleeing           |       |       |       |       |       |       |       |     2 |       ||     2
 Armour: Animal skin       |    78 |    86 |       |       |       |       |       |       |       ||   164
         Chain mail        |       |    56 |   264 |   171 |   817 |     6 |       |       |       ||  1314
         Plate armour      |       |       |       |   399 |   177 |       |       |       |       ||   576
         Skin              |       |       |       |       |    75 |  1724 |   988 |   541 |   658 ||  3986
         Shadow dragon sca |       |       |       |       |       |    63 |       |       |       ||    63
         Gold dragon scale |       |       |       |       |       |       |       |   216 |   279 ||   495
  Dodge: Dodged            |    76 |   146 |   176 |   279 |  1116 |  1784 |   865 |   594 |   984 ||  6020
         Repelled          |       |       |       |       |       |    54 |    29 |    22 |    11 ||   116
  Block: Buckler           |       |    23 |   162 |   105 |       |       |   181 |   351 |   553 ||  1375
         Reflection        |       |       |     2 |     2 |       |    10 |    40 |    30 |    17 ||   101
         Other             |       |       |       |    72 |       |       |       |       |       ||    72
         Kite shield       |       |       |       |    18 |   714 |  1312 |   335 |       |       ||  2379
   Form: Statue            |       |       |       |       |     2 |     7 |     3 |     1 |     2 ||    15
                           |       |       |       |       |     1 |     6 |     3 |     4 |     3 ||    17
         Death             |       |       |       |       |       |       |       |     2 |     4 ||     6
         Storm             |       |       |       |       |       |       |       |     1 |       ||     1
